 Dungeon Crawl Stone Soup version 0.28-a0-1206-g193881aaa2 (webtiles) character file.

Game seed: 17835079051740890604

319841 browni3141 the Cloud Mage (level 22, -18/188 HPs)
             Began as a Human Air Elementalist on Dec 20, 2021.
             Was an Elder of Qazlal.
             Blown up by an eye of devastation (33 damage)
             ... with a bolt of energy
             ... on level 6 of the Lair of Beasts.
             The game lasted 03:00:35 (66355 turns).

browni3141 the Cloud Mage (Human Air Elementalist) Turns: 66355, Time: 03:00:36

Health: -18/188    AC: 11    Str: 16    XL:     22   Next: 44%
Magic:  25/45      EV: 20    Int: 26    God:    Qazlal [****..]
Gold:   1815       SH: 11    Dex: 20    Spells: 5/37 levels left

rFire   . . .      SeeInvis .   S - staff of air
rCold   + + .      Faith    .   g - +0 buckler {AC+3}
rNeg    + . .      Spirit   .   u - +1 robe of Divine Joy {rCorr Str+6 Dex+7}
rPois   .          Reflect  .   c - +2 helmet
rElec   +          Harm     +   R - scarf {harm}
rCorr   +          Rampage  .   H - +2 pair of gloves
Will    +....                   Z - +2 pair of boots
Stlth   +.........              E - amulet of magic regeneration
HPRegen 0.41/turn               l - ring "Lyzit" {rN+ MP+9}
MPRegen 0.69/turn               p - ring of Fokug {rC++ rCorr}

@: corroded, repel missiles
A: no striking features
}: 2/15 runes: decaying, gossamer
a: Renounce Religion, Upheaval, Elemental Force


You were on level 6 of the Lair of Beasts.
You worshipped Qazlal.
Qazlal was greatly pleased with you.
You visited 9 branches of the dungeon, and saw 38 of its levels.
You also visited: Sewer and Desolation.

You collected 3397 gold pieces.
You spent 1582 gold pieces at shops.

Inventory:

Hand Weapons
 r - a +1 lajatang of protection
Missiles
 I - 2 throwing nets
Armour
 a - the +2 robe of the Hunter {Stlth+ Archmagi}
   (You bought it in a shop on level 2 of the Orcish Mines)

   Archmagi:  It increases the power of your magical spells.
   Stlth:     It makes you more stealthy.
 c - a +2 helmet (worn)
 g - a +0 buckler of protection (worn)
 u - the +1 robe of Divine Joy (worn) {rCorr Str+6 Dex+7}
   (You found it on level 4 of the Vaults)

   Str:       It affects your strength (+6).
   Dex:       It affects your dexterity (+7).
   rCorr:     It protects you from acid and corrosion.
 w - a +0 helmet of see invisible
 H - a +2 pair of gloves (worn)
 R - a scarf of harm (worn)
 Z - a +2 pair of boots (worn)
Magical Staves
 S - a staff of air (weapon)
Jewellery
 f - a ring of poison resistance
 l - the ring "Lyzit" (left hand) {rN+ MP+9}
   (You acquired it on level 11 of the Dungeon)

   [ring of magical power]

   rN:        It protects you from negative energy.
   MP:        It affects your magic capacity (+9).
 n - a ring of protection from fire
 p - the ring of Fokug (right hand) {rC++ rCorr}
   (You acquired it on level 11 of the Dungeon)

   [ring of resist corrosion]

   rC:        It greatly protects you from cold.
   rCorr:     It protects you from acid and corrosion.
 q - a ring of willpower
 v - a +6 ring of intelligence
 C - a ring of flight
 E - an amulet of magic regeneration (around neck)
 U - a ring of see invisible
Wands
 i - a wand of digging (7)
 D - a wand of paralysis (14)
 G - a wand of acid (18)
 M - a wand of iceblast (28)
 T - a wand of mindburst (8)
 Y - a wand of charming (2)
Scrolls
 d - 10 scrolls of vulnerability
 j - 3 scrolls of fear
 k - 6 scrolls of fog
 m - 4 scrolls of brand weapon
 o - 12 scrolls of teleportation
 x - 5 scrolls of immolation
 y - 3 scrolls of torment
 N - 2 scrolls of identify
 O - 2 scrolls of silence
 V - a scroll of holy word
Potions
 b - 9 potions of curing
 e - 6 potions of invisibility
 h - 6 potions of haste
 t - 6 potions of might
 z - 6 potions of cancellation
 A - 3 potions of brilliance
 F - 8 potions of ambrosia
 P - 4 potions of lignification
 Q - 2 potions of resistance {unknown}
 W - 4 potions of mutation {unknown}
Miscellaneous
 J - a phantom mirror (inert)
 L - a condenser vane (inert)
 X - a phantom mirror (inert)


   Skills:
 * Level 19.4 Fighting
 * Level 11.6 Dodging
 - Level 2.0 Stealth
 * Level 5.3 Shields
 + Level 8.4 Spellcasting
 - Level 1.0 Conjurations
 * Level 22.0 Air Magic
 * Level 20.9 Invocations
 - Level 5.0 Evocations


You had 5 spell levels left.
You knew the following spells:

 Your Spells              Type           Power      Damage    Failure   Level
a - Shock                 Conj/Air       100%       1d9       1%          1
b - Static Discharge      Conj/Air       82%        N/A       1%          2
c - Swiftness             Air            100%       N/A       0%          3
d - Airstrike             Air            56%        N/A       0%          4
e - Mephitic Cloud        Conj/Pois/Air  66%        N/A       1%          3
f - Lightning Bolt        Conj/Air       41%        1d60      1%          5
g - Maxwell's Capacitive  Air            56%        ∞         4%          8
h - Conjure Ball Lightni  Conj/Air       41%        3x3d13    8%          6

Your spell library contained the following spells:

 Spells                   Type           Power      Damage    Failure   Level
 Silence                  Hex/Air        40%        N/A       1%          5
 Magic Dart               Conj           64%        1d6       3%          1
 Slow                     Hex            44%        N/A       5%          1
 Searing Ray              Conj           32%        2d5       5%          2
 Call Imp                 Summ           11%        N/A       9%          2
 Ensorcelled Hibernation  Hex/Ice        22%        N/A       9%          2
 Passwall                 Tmut/Erth      9%         N/A       9%          2
 Scorch                   Fire           22%        2d6       9%          2
 Sublimation of Blood     Necr           11%        N/A       9%          2
 Conjure Flame            Conj/Fire      13%        6-21      13%         3
 Call Canine Familiar     Summ           11%        N/A       16%         3
 Confusing Touch          Hex            11%        N/A       16%         3
 Gell's Gravitas          Tloc           11%        N/A       16%         3
 Ignite Poison            Fire/Tmut/Pois 11%        N/A       16%         3
 Inner Flame              Hex/Fire       11%        N/A       16%         3
 Portal Projectile        Hex/Tloc       22%        N/A       16%         3
 Spider Form              Tmut/Pois      11%        N/A       16%         3
 Flame Wave               Conj/Fire      13%        2d5       41%         4
 Fulminant Prism          Conj/Hex       6%         3d7       41%         4
 Sticky Flame             Conj/Fire      13%        2d4       41%         4
 Animate Dead             Necr           5%         N/A       47%         4
 Cause Fear               Hex            5%         N/A       47%         4
 Leda's Liquefaction      Hex/Erth       5%         N/A       47%         4
 Passage of Golubria      Tloc           11%        N/A       47%         4
 Petrify                  Tmut/Erth      11%        N/A       47%         4
 Fireball                 Conj/Fire      6%         3d5       77%         5
 Irradiate                Conj/Tmut      6%         3d15      77%         5
 Alistair's Intoxication  Tmut/Pois      7%         N/A       83%         5
 Borgnjor's Vile Clutch   Necr/Erth      5%         N/A       83%         5
 Summon Forest            Summ/Tloc      5%         N/A       83%         5
 Summon Mana Viper        Hex/Summ       11%        N/A       83%         5
 Yara's Violent Unravell  Hex/Tmut       5%         3d4       83%         5
 Death Channel            Necr           5%         N/A       100%        6
 Starburst                Conj/Fire      6%         6d4       100%        6
 Summon Cactus Giant      Summ           5%         N/A       100%        6
 Discord                  Hex            5%         N/A       100%        8
 Disjunction              Tloc           5%         N/A       100%        8
 Lehudib's Crystal Spear  Conj/Erth      6%         10d3      100%        8
 Necromutation            Tmut/Necr      5%         N/A       100%        8
 Chain Lightning          Conj/Air       41%        3d54      100%        9


Dungeon Overview and Level Annotations

Branches:
Dungeon (15/15)            Temple (1/1) D:7            Lair (6/6) D:9
  Swamp (4/4) Lair:3       Spider (4/4) Lair:3        Slime (1/5) Lair:6
    Orc (2/2) D:9             Elf (0/3) Orc:2        Vaults (4/5) D:14
  Crypt (1/3) Vaults:3     Depths (0/4) D:15          Sewer (visited)
Desolation (visited)

Altars:
Ashenzari
Cheibriados
Dithmenos
Elyvilon
Fedhas
Gozag
Hepliaklqana
Kikubaaqudgha
Makhleb
Nemelex Xobeh
Okawaru
Qazlal
Ru
Sif Muna
Trog
Uskayaw
Vehumet
Wu Jian
Xom
Yredelemnul
Zin
The Shining One
Beogh
Jiyva
Lugonu

Shops:
Orc:1 [   Orc:2 [!::

Portals:
Abyss: Lair:6

Annotations:
D:4 3 runed translucent doors, halfoni's ghost, novice HuBe
D:14 4 transporters


Message History

The acid blob spits acid at you.
The splash of acid is repelled.
The splash of acid hits the slime creature!
The acid blob's attack snaps the slime creature out of its fear.
The golden eye blinks!
A slime creature comes into view.
The golden eye is engulfed in blazing flames.
You kill the golden eye!
Qazlal accepts your kill.
The slime creature quivers. x2
Unknown command.
Unknown command.
The acid blob completely misses you.
A slime creature comes into view.
The golden eye blinks!
You block the slime creature's attack.
There is a staircase back to the Lair, spattered with blood here.
Unknown command.
Unknown command.
Unknown command.
The golden eye turns its gaze towards you.
The slime creature quivers.
The acid blob barely misses you. The golden eye blinks at you.
You are confused.
The acid blob spits acid at you. The splash of acid hits you. You resist.
* * * LOW HITPOINT WARNING * * *
The acid corrodes you! The slime creature hits you!
* * * LOW HITPOINT WARNING * * *
You climb upwards.
Welcome back to the Lair of Beasts!
There is a staircase to the Slime Pits here.
Unknown command.
Unknown command.
Okay, then.
Unknown command.
Unknown command.
You feel better. The eye of devastation gazes at you.
The bolt of energy hits you!!
You die...

########.................###..
#.....##............# #..
#.P..##P............# #..
##..##.............## ###
#.#...#####.......#.# #
##...## ##.....####
##..#######...P.##
#...'._.G##...##.###
##..##.@.##......#.#####
#..##.JJ##........##.#.
#..#######...........#.
##..#####.#........#...
#.........##..........#
#####.P#####........... ####
###........... #............#
##............


You could see an acid blob, a slime creature and an eye of devastation.

Vanquished Creatures
  Frederick (Vaults:4)
  Saint Roka (Vaults:1)
  Margery (Vaults:4)
  An acid blob (shapeshifter) (Lair:6)
  An acid blob (Slime:1)
  A sphinx (Vaults:3)
  An ancient champion (Crypt:1)
  Frances (Swamp:2)
  A tengu reaver (Vaults:2)
  2 thorn hunters
  Kirke (Lair:6)
  A shadow dragon (Vaults:4)
  A revenant (Crypt:1)
  2 azure jellies (Slime:1)
  7 vault wardens
  3 emperor scorpions
  3 orc warlords
  3 ghost moths
  An imperial myrmidon (Desolation)
  A frost giant (Vaults:2)
  A ghoul (Vaults:3)
  2 very ugly things
  15 ironbound preservers
  A quicksilver ooze (shapeshifter) (Vaults:2)
  2 stone giants
  A vampire knight (Vaults:3)
  2 war gargoyles
  5 ironbound thunderhulks
  4 eleionomae
  3 spark wasps
  A halazid warlock (Desolation)
  16 dire elephants
  7 entropy weavers
  4 crystal guardians
  Snorg (Lair:4)
  A deep elf death mage (Vaults:3)
  5 ragged hierophants
  3 servants of whispers (Desolation)
  2 shambling mangroves
  Harold (D:7)
  3 yaktaur captains
  2 great orbs of eyes
  18 hydras
  Erolcha (Orc:2)
  8 boulder beetles
  10 ironbound frosthearts
  6 peacekeepers
  12 vault guards
  3 two-headed ogres
  A death knight (D:14)
  4 alligators
  15 centaur warriors
  A vampire mage (Vaults:3)
  A death yak (D:14)
  A spriggan berserker (Swamp:4)
  2 thrashing horrors (Lair:6)
  3 hell knights (Vaults:4)
  A soul eater (Vaults:3)
  Urug (D:11)
  Nergalle (D:11)
  8 skeletal warriors
  32 deep trolls
  5 goliath frogs
  A flayed ghost (Vaults:4)
  A glowing orange brain (shapeshifter) (Vaults:2)
  A glowing orange brain (Vaults:2)
  10 bog bodies
  5 lindwurms
  6 harpies (Vaults:1)
  16 swamp dragons
  Pikel (D:4)
  3 deep elf pyromancers
  A phantasmal warrior (Vaults:2)
  5 necromancers
  5 wizards
  38 wolf spiders
  20 ugly things
  24 ironbound convokers
  15 orb spiders
  10 orc knights
  9 elephants (Lair:6)
  5 cyclopes
  A stone giant zombie (Vaults:1)
  A manticore (D:14)
  16 vault sentinels
  9 orc sorcerers
  3 moths of wrath
  4 will-o-the-wisps
  A frost giant skeleton (Vaults:3)
  Maurice (D:9)
  3 black mambas
  A guardian serpent (Desolation)
  A black mamba (shapeshifter) (D:15)
  9 cane toads
  A molten gargoyle (Desolation)
  A smoke demon (Lair:6)
  A gargoyle (D:11)
  A torpor snail (Spider:2)
  2 unseen horrors (D:10)
  15 yaktaurs
  11 demonic crawlers
  3 rime drakes
  6 human zombies
  A yaktaur zombie (Vaults:1)
  9 komodo dragons
  2 yaktaur skeletons
  4 kobold demonologists (D:13)
  2 tengu conjurers (D:14)
  2 ancient zymes (Lair:6)
  A komodo dragon (shapeshifter) (D:14)
  4 polar bears
  A troll (shapeshifter) (Lair:6)
  A guardian mummy (Crypt:1)
  A queen bee (shapeshifter) (D:15)
  29 saltlings
  10 tyrant leeches
  6 bloated husks
  3 meliai (D:13)
  4 trolls
  32 jumping spiders
  15 hornets
  16 blink frogs
  39 slime creatures
  6 dream sheep (Lair:5)
  Sigmund (D:5)
  A centaur simulacrum (D:15)
  40 tarantellas
  89 redbacks
  6 spriggans
  2 ynoxinuls (Lair:6)
  A spriggan (shapeshifter) (Lair:6)
  2 water elementals (D:15)
  2 wraiths
  A vampire (D:12)
  3 chaos spawn (Lair:6)
  45 yaks
  A hog (Lair:3)
  2 wyverns
  A basilisk (shapeshifter) (D:14)
  6 basilisks
  A golden eye (Slime:1)
  Grum (D:11)
  Menkaure (D:7)
  2 steam dragons (D:9)
  9 swamp worms
  A large abomination (Lair:6)
  5 wargs
  8 vampire mosquitoes
  2 acid dragons (D:11)
  A naga (shapeshifter) (Vaults:4)
  17 water moccasins
  A sky beast (D:8)
  4 ice beasts
  23 orc warriors
  2 black bears (D:6)
  15 swamp drakes
  8 ogres
  2 centaurs
  17 wolves
  3 lemures (D:4)
  A gnoll sergeant (D:10)
  4 kobold brigands
  11 bullfrogs
  5 human skeletons
  4 scorpions
  7 killer bees
  7 electric eels
  10 howler monkeys
  A centaur zombie (D:7)
  4 jellies
  8 orc priests
  A gnoll shaman (D:3)
  4 hounds
  2 centaur skeletons
  An iguana (D:6)
  37 orc wizards
  11 small abominations (Lair:6)
  A killer bee zombie (D:6)
  3 mummies (Crypt:1)
  8 gnolls
  6 adders
  6 river rats (Sewer)
  2 shadow imps (D:6)
  7 white imps
  4 ufetubi
  3 worms
  4 dart slugs
  82 orcs
  17 ball pythons
  11 endoplasms
  2 giant cockroaches
  6 goblins
  11 hobgoblins
  8 jackals
  26 kobolds
  2 quokkas
  4 bats
  3 frilled lizards
  21 rats
1386 creatures vanquished.

Vanquished Creatures (collateral kills)
  An acid blob (Slime:1)
  An ancient champion (Vaults:3)
  A vault warden (Vaults:2)
  A ghost moth (Spider:4)
  An imperial myrmidon (Desolation)
  Aizul (Vaults:4)
  An emperor scorpion (Spider:2)
  4 ragged hierophants (Desolation)
  2 boulder beetles (Spider:3)
  An ogre mage (D:15)
  2 peacekeepers (Desolation)
  A thrashing horror (Lair:6)
  A hell knight (Vaults:2)
  2 deep trolls (Vaults:3)
  2 orc sorcerers (Orc:2)
  A wolf spider (Spider:2)
  A moth of wrath (Spider:4)
  A guardian serpent (Desolation)
  A demonic crawler (Spider:3)
  2 jumping spiders (Spider:4)
  15 saltlings (Desolation)
  A hornet (Spider:3)
  8 slime creatures (Slime:1)
  A redback (Spider:2)
  6 tarantellas
  2 yaks (Lair:6)
  An ogre (Orc:2)
  A hornet simulacrum (D:15)
  3 orc wizards (Orc:2)
  An orc (Orc:2)
  6 ball lightnings
73 creatures vanquished.

Vanquished Creatures (others)
  A centaur warrior (Vaults:2)
  A saltling (Desolation)
  A tyrant leech (Swamp:4)
  A bloated husk (Swamp:1)
  A slime creature (Slime:1)
  2 humans (Lair:6)
  A tarantella (Spider:1)
  An orc wizard (Orc:1)
  83 ball lightnings
  6 foxfires
  27 fungi
  41 plants
166 creatures vanquished.

Grand Total: 1625 creatures vanquished

Notes
Turn   | Place    | Note
-------+----------+-------------------------------------------
     0 | D:1      | browni3141 the Human Air Elementalist began the quest for
                  | the Orb.
     0 | D:1      | Reached XP level 1. HP: 13/13 MP: 3/3
    24 | D:1      | You fall into a shaft and drop 1 floor!
   114 | D:2      | Reached XP level 2. HP: 19/19 MP: 0/5
   268 | D:1      | Reached skill level 4 in Air Magic
   268 | D:1      | Reached XP level 3. HP: 7/24 MP: 0/6
   571 | D:1      | Learned a level 2 spell: Static Discharge
   575 | D:1      | Learned a level 3 spell: Swiftness
  1621 | D:1      | Found a faded altar of an unknown god.
  1758 | D:2      | Reached XP level 4. HP: 30/30 MP: 0/7
  2569 | D:3      | Reached skill level 5 in Air Magic
  2996 | D:3      | Reached XP level 5. HP: 34/35 MP: 4/8
  3963 | D:4      | Reached XP level 6. HP: 41/41 MP: 4/10
  4099 | D:4      | Reached skill level 6 in Air Magic
  4569 | D:4      | Found a runed translucent gate.
  4569 | D:4      | Found a runed translucent gate.
  4569 | D:4      | Found a runed translucent gate.
  4571 | D:4      | Found an opulent altar of Gozag.
  4572 | D:4      | Noticed halfoni's ghost (novice HuBe)
  5279 | D:5      | Entered Level 5 of the Dungeon
  5344 | D:4      | Reached XP level 7. HP: 37/46 MP: 5/12
  5418 | D:5      | Noticed Sigmund
  5906 | D:5      | Noticed Pikel
  5907 | D:5      | Learned a level 4 spell: Airstrike
  5927 | D:4      | Killed Pikel
  5928 | D:4      | Reached skill level 8 in Air Magic
  5928 | D:4      | Reached XP level 8. HP: 27/52 MP: 0/14
  6263 | D:5      | Killed Sigmund
  6504 | D:5      | Found a sparkling altar of Nemelex Xobeh.
  6807 | D:6      | Reached skill level 5 in Spellcasting
  6813 | D:6      | Reached skill level 9 in Air Magic
  6907 | D:5      | Reached XP level 9. HP: 19/57 MP: 0/17
  7381 | D:6      | Found a glowing drain.
  7391 | Sewer    | Entered a sewer
  7908 | Sewer    | Reached skill level 10 in Air Magic
  9652 | D:7      | Found a staircase to the Ecumenical Temple.
  9661 | Temple   | Entered the Ecumenical Temple
  9768 | Temple   | Became a worshipper of Qazlal Stormbringer
  9926 | D:7      | Reached skill level 11 in Air Magic
 10731 | D:7      | Noticed Harold
 10860 | D:7      | Reached XP level 10. HP: 48/63 MP: 16/20
 11225 | D:7      | Noticed Menkaure
 11229 | D:7      | Killed Menkaure
 11541 | D:8      | Reached skill level 1 in Invocations
 11822 | D:8      | Reached skill level 1 in Fighting
 12380 | D:8      | Reached * piety under Qazlal
 12849 | D:9      | Noticed a two-headed ogre
 12857 | D:9      | Killed a two-headed ogre
 12903 | D:9      | Found a staircase to the Orcish Mines.
 12918 | D:9      | Reached skill level 12 in Air Magic
 13784 | D:9      | Reached XP level 11. HP: 59/76 MP: 10/21
 14035 | D:9      | Noticed Maurice
 14247 | D:7      | Killed Harold
 14248 | D:7      | Reached skill level 5 in Dodging
 14518 | D:9      | Found a staircase to the Lair.
 14572 | D:9      | Reached skill level 5 in Invocations
 14573 | D:9      | Noticed a purple ugly thing
 14586 | D:9      | Killed a purple ugly thing
 14785 | D:9      | Killed Maurice
 14786 | D:9      | Reached skill level 5 in Fighting
 14885 | D:9      | Noticed a four-headed hydra
 14890 | D:9      | Killed a four-headed hydra
 15211 | Lair:1   | Entered Level 1 of the Lair of Beasts
 15752 | Lair:1   | Noticed an eight-headed hydra
 15782 | Lair:1   | Killed an eight-headed hydra
 16500 | Lair:2   | Reached skill level 13 in Air Magic
 16519 | Lair:2   | Reached ** piety under Qazlal
 16766 | Lair:2   | Reached XP level 12. HP: 88/88 MP: 10/22
 17293 | Lair:3   | Found a hole to the Spider Nest.
 17805 | Lair:3   | Noticed a five-headed hydra
 17810 | Lair:3   | Killed a five-headed hydra
 17991 | Lair:3   | Found a staircase to the Swamp.
 18938 | Lair:4   | Noticed Snorg
 18944 | Lair:4   | Killed Snorg
 19031 | Lair:4   | Identified the +1 plate armour of the Forest {rCorr Int+4
                  | SInv}
 19326 | Lair:4   | Noticed Kirke
 19670 | Lair:4   | Identified the +8 falchion of Resourcefulness {vorpal,
                  | *Noise rN++ MP+9 Stlth+}
 20561 | Lair:5   | Reached XP level 13. HP: 98/98 MP: 12/23
 20811 | Lair:5   | Reached skill level 14 in Air Magic
 21578 | Lair:5   | Reached *** piety under Qazlal
 21814 | Lair:6   | Entered Level 6 of the Lair of Beasts
 22481 | Lair:6   | Noticed an eight-headed hydra
 22498 | Lair:6   | Killed an eight-headed hydra
 22590 | Lair:6   | Found a viscous altar of Jiyva.
 22590 | Lair:6   | Found a staircase to the Slime Pits.
 22886 | Lair:6   | Reached skill level 10 in Invocations
 23446 | Lair:6   | Killed Kirke
 23543 | Lair:6   | Reached XP level 14. HP: 96/108 MP: 2/24
 24020 | Lair:5   | Reached skill level 10 in Dodging
 24087 | Lair:6   | Reached **** piety under Qazlal
 24543 | Lair:6   | Reached skill level 15 in Air Magic
 24665 | Lair:6   | Reached skill level 10 in Fighting
 24997 | Lair:6   | Noticed a shadow dragon
 25191 | Lair:6   | Noticed an acid blob
 25197 | Lair:6   | Killed an acid blob
 25744 | D:10     | Entered Level 10 of the Dungeon
 26800 | D:11     | Noticed Nergalle
 26805 | D:11     | Killed Nergalle
 27085 | D:11     | Noticed Urug
 27416 | Orc:1    | Entered Level 1 of the Orcish Mines
 27910 | Orc:2    | Entered Level 2 of the Orcish Mines
 28638 | Orc:2    | Found a radiant altar of Vehumet.
 28638 | Orc:2    | Noticed Erolcha
 28642 | Orc:2    | Killed Erolcha
 28649 | Orc:2    | Reached XP level 15. HP: 117/117 MP: 5/25
 28784 | Orc:2    | Found an ancient bone altar of Kikubaaqudgha.
 28788 | Orc:2    | Reached ***** piety under Qazlal
 28833 | Orc:2    | Found Foiteegg's Distillery.
 28919 | Orc:2    | Found a staircase to the Elven Halls.
 29169 | Orc:1    | Found Jichi's Armour Emporium.
 29204 | Orc:1    | Bought a scarf of harm for 99 gold pieces
 29204 | Orc:1    | Bought a +1 pair of boots for 126 gold pieces
 29447 | Orc:2    | Found Muledgh's Book Emporium.
 29560 | Orc:2    | Found Cuakerche's Antique Armour Shoppe.
 29572 | Orc:2    | Found Bagig's Book Shoppe.
 29606 | Orc:2    | Bought a pair of embroidered gloves for 232 gold pieces
 29606 | Orc:2    | Bought a dull robe for 176 gold pieces
 29606 | Orc:2    | Identified the +2 robe of the Hunter {Stlth+ Archmagi} (You
                  | bought it in a shop on level 2 of the Orcish Mines)
 29641 | Orc:2    | Bought a helmet for 139 gold pieces
 29664 | Orc:2    | Bought a book of Minor Magic for 270 gold pieces
 29664 | Orc:2    | Bought a book of Lightning for 540 gold pieces
 29668 | Orc:2    | Learned a level 3 spell: Mephitic Cloud
 29674 | Orc:2    | Learned a level 5 spell: Lightning Bolt
 29683 | Orc:2    | Learned a level 8 spell: Maxwell's Capacitive Coupling
 30171 | Lair:6   | Found a corrupted altar of Lugonu.
 30171 | Lair:6   | Found a one-way gate to the infinite horrors of the Abyss.
 30589 | Swamp:1  | Entered Level 1 of the Swamp
 31401 | Lair:3   | Reached skill level 1 in Shields
 31709 | Swamp:1  | Reached skill level 16 in Air Magic
 31871 | Swamp:1  | Found a blossoming altar of Fedhas.
 32448 | Swamp:2  | Noticed a thorn hunter
 32453 | Swamp:2  | Killed a thorn hunter
 32636 | Swamp:2  | Noticed Frances
 32827 | Swamp:2  | Killed Frances
 34535 | Swamp:3  | Reached XP level 16. HP: 95/127 MP: 26/26
 34851 | Swamp:4  | Entered Level 4 of the Swamp
 35623 | Swamp:4  | Reached skill level 5 in Shields
 36118 | Swamp:4  | Noticed a thorn hunter
 36216 | Swamp:4  | Killed a thorn hunter
 36267 | Swamp:4  | Reached skill level 17 in Air Magic
 36892 | Swamp:4  | Got a decaying rune of Zot
 37052 | Spider:1 | Entered Level 1 of the Spider Nest
 38510 | Spider:1 | Reached XP level 17. HP: 137/137 MP: 11/28
 38599 | Spider:2 | Reached ****** piety under Qazlal
 38904 | Spider:2 | Reached skill level 15 in Invocations
 39943 | Spider:2 | You fall into a shaft and drop 1 floor!
 40004 | Spider:3 | Reached skill level 18 in Air Magic
 42255 | Spider:4 | Entered Level 4 of the Spider Nest
 42320 | Spider:4 | Reached XP level 18. HP: 142/148 MP: 22/30
 42481 | Spider:4 | Reached skill level 15 in Fighting
 44303 | Spider:4 | Got a gossamer rune of Zot
 45030 | D:11     | Identified 2 scrolls of acquirement
 45056 | D:11     | Killed Urug
 45136 | D:11     | Reached skill level 19 in Air Magic
 45139 | D:11     | Noticed Grum
 45142 | D:11     | Killed Grum
 45201 | D:11     | Acquired the ring of Fokug {rC++ rCorr}
 45202 | D:11     | Acquired the ring "Lyzit" {rN+ MP+9}
 47232 | D:13     | Found a shadowy altar of Dithmenos.
 47992 | D:14     | Found a transporter.
 48022 | D:14     | Found a transporter.
 48274 | D:14     | Reached skill level 1 in Evocations
 48581 | D:14     | Found a transporter.
 48588 | D:14     | Found a transporter.
 48680 | D:14     | Found a transporter.
 48681 | D:14     | Found a transporter.
 48946 | D:14     | Reached XP level 19. HP: 157/157 MP: 2/31
 49174 | D:14     | Found a gate to the Vaults.
 49304 | D:15     | Entered Level 15 of the Dungeon
 49764 | D:15     | Identified the +2 falchion "Osokle" {drain, rElec rCorr
                  | Int+5 Stlth-}
 49771 | D:15     | Found a stormy altar of Qazlal.
 49808 | D:15     | Identified the +5 battleaxe of Binep {flame, Will- Str+2
                  | Dex+2 Stlth+}
 50015 | D:15     | Found a staircase to the Depths.
 50227 | Vaults:1 | Entered Level 1 of the Vaults
 51355 | Vaults:1 | Noticed Saint Roka
 51419 | Vaults:1 | Killed Saint Roka
 51713 | Vaults:1 | Reached skill level 5 in Evocations
 52290 | Vaults:1 | Reached skill level 20 in Air Magic
 53157 | Vaults:2 | Reached XP level 20. HP: 139/168 MP: 7/33
 56402 | Vaults:3 | Found a crumbling gateway.
 56561 | Desolati | Entered the Desolation of Salt
 56859 | Desolati | Reached skill level 21 in Air Magic
 56860 | Desolati | Reached XP level 21. HP: 70/175 MP: 1/34
 57991 | Desolati | Got the Incunabulum of Cloudy Translocation
 57998 | Desolati | Got Pyptargh's Collected Works on Confrontation
 58006 | Desolati | Learned a level 6 spell: Conjure Ball Lightning
 58447 | Desolati | Identified the +1 broad axe of Papof {distort, rPois}
 58450 | Desolati | Got the Incunabulum of Entrancing Transmutation
 60371 | Vaults:3 | Found a staircase to the Crypt.
 60985 | Vaults:4 | Noticed Frederick
 61743 | Vaults:4 | Identified the +1 robe of Divine Joy {rCorr Str+6 Dex+7}
 61772 | Vaults:4 | Killed Frederick
 62013 | Vaults:4 | Noticed Margery
 62019 | Vaults:4 | Killed Margery
 62342 | Vaults:4 | Reached XP level 22. HP: 187/187 MP: 12/36
 63906 | Vaults:4 | Noticed Aizul
 63923 | Vaults:4 | Killed Aizul
 64416 | Crypt:1  | Entered Level 1 of the Crypt
 65434 | Vaults:3 | Reached skill level 22 in Air Magic
 66280 | Slime:1  | Entered Level 1 of the Pits of Slime
 66347 | Slime:1  | HP: 9/188 [rockslime (34)]
 66353 | Slime:1  | HP: 9/188 [slime creature (8)]
 66355 | Lair:6   | Blown up by an eye of devastation

Illustrated notes

Levels and vault maps discovered:
D:1:      eino_arrival_water_star, layout_basic,
          chequers_ecumenical_altar_grove, st_stairs_11
D:2:      layout_basic, uniq_jessica
D:3:      layout_rooms, serial_glass, glass_columns_a, glass_columns_a,
          st_stairs_3, wander_ebering_terrifying_dragon_lair
D:4:      layout_loops_cross, ebering_ghost_gozag, grunt_decor_mini_mirrors
D:5:      layout_cave_pods, mainiacjoe_overflow_alcove_1,
          lightli_corner_chamber, uniq_pikel, uniq_sigmund
D:6:      layout_loops_cross, cheibrodos_sewer_entry_bend, minmay_joined_circles
D:7:      layout_basic, minmay_temple_entry_statues_fountains, uniq_menkaure,
          uniq_harold
D:8:      layout_loops_ring, special_room [special_room_orc]
D:9:      layout_basic, lair_entry_dummy, minmay_orc_entry_guard_dogs,
          uniq_maurice
D:10:     layout_stronghold
D:11:     layout_small_grid, uniq_urug, uniq_nergalle, uniq_grum
D:12:     layout_basic
D:13:     layout_basic, grunt_dithmenos_smoke_and_mirrors
D:14:     minmay_angry_zag, layout_loops_cross, grunt_vaults_entry_fortified,
          minmay_door_square, serial_nicolae_subway,
          nicolae_sub_station_crystal, nicolae_sub_station_stone,
          nicolae_sub_station_metal
D:15:     grunt_enter_depths_giant_problem, layout_basic, serial_ice,
          serial_ice_j, serial_ice_f, serial_ice_a, serial_ice_m, serial_ice_h,
          serial_ice_g, small_chamber_with_monster, grunt_qazlal_clouds
Temple:   mainiacjoe_temple_archimedes_tessellation
Lair:1:   layout_cave_pods, infiniplex_staircase_pool_2, grunt_megastairs_5,
          serial_bayou_shore_b
Lair:2:   layout_roguey
Lair:3:   layout_cave_pods, minmay_swamp_entry_wisps, spider_nest_entry_a,
          lightli_volcano_entry_magma_tube, gauntlet_entry_generic,
          serial_bayou_lake_a, serial_bayou_shore_b, lemuel_fruit_tree
Lair:4:   layout_layer_cave, minmay_hedge_maze, minmay_holes,
          chequers_serial_rivers_small_b, lemuel_old_faithful, uniq_kirke,
          uniq_snorg
Lair:5:   layout_hall_layers, nicolae_lair_run_with_the_wolves,
          serial_bayou_shore_b
Lair:6:   hellmonk_lair_end_abyssal_woods, layout_cave_pods,
          dpeg_slime_entry_enclosed_altar, grunt_megastairs_2
Swamp:1:  layout_basic_swamp, nicolae_swamp_feature_on_the_river_bank,
          swamp_pool4
Swamp:2:  layout_falls_marsh, hangedman_swamp_blocks, swamp_pool2, uniq_frances
Swamp:3:  layout_falls_marsh, nicolae_swamp_dense_foliage
Swamp:4:  swamp_basic_johnstein, layout_basic_swamp
Spider:1: layout_spider_delve
Spider:2: layout_spider_delve, portal_ice_cave_entry_pillars_three
Spider:3: layout_spider_delve, drop_trap
Spider:4: grunt_spider_rune_parallel
Slime:1:  layout_caves, cheibrodos_slime_lost_civilization_7
Orc:1:    layout_caves, serial_shops, nicolae_shop_crystal, mines4_lemuel
Orc:2:    kennysheep_orc_mage_school, layout_diamond_mine, basic_altar
Vaults:1: v_misc_23, vaults_mumra_minichess, vaults_room_fours, v_pattern_1,
          nicolae_vaults_three_branches, nicolae_vaults_network_periphery,
          layout_vaults_big_room, uniq_saint_roka
Vaults:2: vaults_room_grid, nicolae_vaults_disjoint_gnomons,
          ontoclasm_vaults_ring_large, ontoclasm_vaults_ligature,
          dpeg_vaults_monster_row, v_misc_24, hangedman_vaults_maws, v_misc_8,
          nicolae_vaults_rhombus_6, ontoclasm_vaults_shout, vaults_room_fours,
          nicolae_vaults_yaktaur_gun_rack, layout_vaults_quadrants
Vaults:3: portal_desolation_entry_salt, minmay_crypt_entry_simple_walls,
          ontoclasm_vaults_pinch, hangedman_vaults_cutoff,
          grunt_vaults_hallway_long, vaults_room_corners,
          ontoclasm_vaults_claustrophobia, hangedman_vaults_cutoff,
          hangedman_vaults_capsules, v_pattern_4, layout_vaults_omnicross
Vaults:4: vaults_room_semicircle, vaults_mumra_chevron,
          nicolae_vaults_display_case, ontoclasm_vaults_ring_square,
          vaults_mumra_hexcomb, v_misc_30, ontoclasm_vaults_eye,
          nicolae_vaults_little_squares_1, layout_vaults_ring, uniq_frederick,
          uniq_aizul, uniq_margery
Crypt:1:  layout_rooms, grunt_crypt_arrival_guarded_gate

Skill      XL: |  1  2  3  4  5  6  7  8  9 10 11 12 13 14 15 16 17 18 19 20 21 22 |
---------------+-------------------------------------------------------------------+-----
Air Magic      | 4 5 6 8 9 11 12 13 14 15 16 17 18 19 20 21 22 | 22.0
Spellcasting   | 3 4 5 6 7 8 |  8.4
Invocations    | 4 6 8 10 11 13 14 16 17 18 19 20 | 20.9
Fighting       | 3 6 7 9 10 12 13 14 16 17 18 19 | 19.4
Dodging        | 4 6 8 9 11 | 11.6
Shields        | 4 5 |  5.3
Evocations     | 1 5 |  5.0
Stealth        | |  2.0
Conjurations   | |  1.0

Action                   |  1- 3 |  4- 6 |  7- 9 | 10-12 | 13-15 | 16-18 | 19-21 | 22-24 || total
-------------------------+-------+-------+-------+-------+-------+-------+-------+-------++-------
Melee: Unarmed           |    48 |       |       |       |       |       |       |       ||    48
       Short sword       |       |    53 |   100 |   110 |       |       |       |       ||   263
       Staff             |       |       |       |    25 |   144 |   174 |   175 |    50 ||   568
 Cast: Shock             |    62 |   111 |    87 |    55 |    10 |     3 |     2 |       ||   330
       Static Discharge  |     1 |     9 |    21 |    41 |    52 |    57 |    32 |     3 ||   216
       Airstrike         |       |       |    37 |   185 |   565 |   557 |   577 |    81 ||  2002
       Swiftness         |       |       |     1 |     1 |     1 |       |       |       ||     3
       Lightning Bolt    |       |       |       |       |     5 |    25 |    30 |     5 ||    65
       Mephitic Cloud    |       |       |       |       |     1 |     1 |     6 |       ||     8
       Maxwell's Capacit |       |       |       |       |       |       |     4 |     1 ||     5
       Conjure Ball Ligh |       |       |       |       |       |       |    27 |     6 ||    33
Invok: Upheaval          |       |       |       |       |     4 |     5 |     4 |     4 ||    17
       Elemental Force   |       |       |       |       |     4 |    10 |     8 |     5 ||    27
       Disaster Area     |       |       |       |       |       |     2 |     3 |       ||     5
Evoke: Wand              |       |       |       |     7 |       |    13 |     6 |     4 ||    30
       Condenser vane    |       |       |       |       |     2 |     1 |       |     1 ||     4
       Phantom mirror    |       |       |       |       |       |       |       |     1 ||     1
  Use: Scroll            |       |       |     7 |     6 |     8 |    15 |     7 |     4 ||    47
       Potion            |       |       |       |       |     1 |     6 |     4 |    10 ||    21
 Stab: Sleeping          |       |     1 |     1 |     1 |       |       |       |       ||     3
       Paralysed         |       |       |       |       |     1 |       |     1 |     2 ||     4
       Distracted        |       |       |       |       |       |     1 |     1 |       ||     2
       Invisible         |       |       |       |       |       |       |       |     4 ||     4
Armor: Robe              |    40 |     9 |    27 |    47 |    28 |   142 |   101 |    57 ||   451
       Steam dragon scal |       |       |       |    16 |    53 |       |       |       ||    69
Dodge: Dodged            |   105 |    47 |   129 |   160 |   246 |   343 |   247 |   109 ||  1386
       Repelled          |       |       |       |       |    10 |     1 |    11 |     8 ||    30
Block: Other             |       |       |       |    14 |    44 |       |       |       ||    58
       Buckler           |       |       |       |       |    12 |   292 |   229 |    90 ||   623

Table legend: (Time is in decaauts)
 A = Elapsed time spent in this place.
 B = Non-inter-level travel time spent in this place.
 C = Inter-level travel time spent in this place.
 D = Time resting spent in this place.
 E = Time spent auto-exploring this place.
 F = Levels seen in this place.
 G = Mean time per level.
                   A        B        C        D        E       F      G
               +--------+--------+--------+--------+--------+-----+--------+
         Total |  67024 |  62568 |   4456 |  16545 |  35375 |  40 | 1675.6 |
       Dungeon |  21634 |  20207 |   1427 |   2939 |  14051 |  15 | 1442.3 |
        Temple |    495 |    473 |     22 |    241 |    192 |   1 |  495.0 |
          Lair |  12969 |  11480 |   1489 |   2789 |   7246 |   6 | 2161.5 |
         Swamp |   6010 |   5580 |    430 |   2222 |   2467 |   4 | 1502.5 |
   Spider Nest |   7217 |   6867 |    350 |   3011 |   2245 |   4 | 1804.2 |
    Slime Pits |     75 |     75 |      0 |      0 |      0 |   1 |   75.0 |
  Orcish Mines |   2356 |   2121 |    235 |    230 |   1368 |   2 | 1178.0 |
        Vaults |  13001 |  12499 |    502 |   3557 |   6964 |   4 | 3250.2 |
         Crypt |     64 |     64 |      0 |      0 |     16 |   1 |   64.0 |
         Sewer |   1011 |   1011 |      0 |    106 |    645 |   1 | 1011.0 |
    Desolation |   2187 |   2187 |      0 |   1449 |    178 |   1 | 2187.0 |
               +--------+--------+--------+--------+--------+-----+--------+

Top non-repeatable levels by time:
Vaults:3: 5208 daAuts
  Lair:6: 3816 daAuts
Vaults:2: 3283 daAuts
  Lair:3: 3119 daAuts
Vaults:4: 2538 daAuts
     D:4: 2264 daAuts
Desolation: 2187 daAuts
     D:8: 2110 daAuts
Spider:4: 2068 daAuts
    D:14: 2054 daAuts
 Swamp:3: 2023 daAuts
Vaults:1: 1971 daAuts
     D:9: 1971 daAuts
Spider:2: 1896 daAuts
  Lair:5: 1768 daAuts
